 Dungeon Crawl Stone Soup version 0.22.0-38-g04b72b8 (webtiles) character file.

135 Golfball the Chopper (level 5, -2/32 HPs)
             Began as a Gargoyle Fighter on Aug 27, 2018.
             Killed by nerve-wracking pain
             ... invoked by a shadow imp
             ... summoned by Natasha
              (6 damage)
             ... on level 3 of the Dungeon.
             The game lasted 00:06:05 (1458 turns).

Golfball the Chopper (Gargoyle Fighter)             Turns: 1458, Time: 00:06:06

Health: -2/32      AC:  9    Str: 20    XL:     5   Next: 18%
Magic:  5/5        EV:  8    Int:  9    God:
Gold:   80         SH:  0    Dex:  9    Spells: 4/4 levels left

rFire    . . .     SeeInvis .   a - +0 war axe
rCold    . . .     Gourm    .   c - +0 shield
rNeg     + . .     Faith    .   u - +0 ring mail
rPois    ∞         Spirit   .   (no helmet)
rElec    +         Reflect  .   (no cloak)
rCorr    .         Harm     .   (no gloves)
MR       .....                  (no boots)
Stlth    ..........             (no amulet)
HPRegen  0.10/turn              (no ring)
MPRegen  0.09/turn              (no ring)

@: confused
A: negative energy resistance 1, electricity resistance, unbreathing,
petrification resistance, rot immunity, AC +4
a: no special abilities


You were on level 3 of the Dungeon.
You were not hungry.

You visited 1 branch of the dungeon, and saw 3 of its levels.

You collected 80 gold pieces.

Inventory:

Hand Weapons
 a - a +0 war axe (weapon)
 b - a +0 hunting sling
 e - a +0 mace
Missiles
 i - 46 stones (quivered)
 k - 25 sling bullets
Armour
 c - a +0 shield (worn)
 t - a +0 scale mail
 u - a +0 ring mail (worn)
Scrolls
 g - 2 scrolls of identify
 l - 2 scrolls of teleportation
 m - 2 scrolls of fear
 q - a scroll of amnesia {unknown}
 r - a scroll of magic mapping {unknown}
 s - 2 scrolls of remove curse
Potions
 d - a potion of might
 h - a potion of curing
 j - a potion of degeneration {unknown}
 n - a potion of haste
 p - a potion of cancellation {unknown}
Comestibles
 f - 6 rations


   Skills:
 - Level 3.2 Fighting
 + Level 4.7 Axes
 - Level 3.2 Armour
 - Level 3.2 Shields


You had 4 spell levels left.
You didn't know any spells.
Your spell library was empty.

Dungeon Overview and Level Annotations

Branches:
Dungeon (3/15)

Altars:

Annotations:
D:3 Natasha


Innate Abilities, Weirdness & Mutations

You are resistant to torment.
Your stone body is resilient. (AC +4)
You are immune to poison.
You resist negative energy. (rN+)
You are resistant to electric shocks. (rElec)
You can survive without breathing.
You are immune to petrification.
You are immune to rotting.


Message History

Something hits you. The orc barely misses you.
You hear some strange, mumbled words.
A puff of flame appears from out of thin air!
The puff of flame hits you!
The orc throws a stone.
The orc hits you but does no damage. The shadow imp puffs mist at you.
The shadow imp hits you but does no damage.
Natasha claws you but does no damage. Something hits you but does no damage.
The orc hits you but does no damage.
The orc throws a stone.
The stone hits you but does no damage. The shadow imp barely misses you.
Natasha claws you.
* * * LOW HITPOINT WARNING * * *
You're too confused!
You closely miss the shadow imp. You barely miss something. You miss the orc.
You hit Natasha. You miss the crimson imp. Something hits you.
* * * LOW HITPOINT WARNING * * *
The orc hits you but does no damage.
The orc throws a stone.
The shadow imp gestures at you. Pain shoots through your body!
You die...

#.....# #...# #.....#.# ##
#.....####...## ###.....#.# ...
..............###.......#.# ....
..#..................(..#.##.....
###.##..................(((......
# #.#.....###......o...##(#..##..
# #.#...........o.........#..# #
#.#.....###..55(o......#...#
###.#.....#####.@oHK..#..#...#
....##........+..h....#....H..
######....###.#.......##.#...##
......>................#.#....
[######.......##.#.......
.....##..###.......####..
.....##....#.. ..... ..
......'....#. ...... .....##....#


You could see a hippogriff, Natasha, a crimson imp, a shadow imp, 4 orcs and a
kobold.

Vanquished Creatures
  Natasha (twice) (D:2 D:3)
  3 adders (D:2)
  An ooze (D:2)
  An adder zombie (D:3)
  2 dart slugs
  9 bats
  6 giant cockroaches
  6 goblins
  3 hobgoblins
  A quokka (D:2)
  A ball python (D:1)
  5 frilled lizards
  3 kobolds (D:2)
  9 rats
52 creatures vanquished.

Notes
Turn   | Place    | Note
-------+----------+-------------------------------------------
     0 | D:1      | Golfball the Gargoyle Fighter began the quest for the Orb.
     0 | D:1      | Reached XP level 1. HP: 14/14 MP: 1/1
    56 | D:1      | Reached skill level 2 in Axes
   167 | D:1      | Reached XP level 2. HP: 17/19 MP: 2/2
   561 | D:2      | Reached skill level 3 in Axes
   577 | D:2      | Reached XP level 3. HP: 21/23 MP: 3/3
   640 | D:2      | Noticed Natasha
   643 | D:2      | Killed Natasha
   657 | D:2      | Reached XP level 4. HP: 28/28 MP: 4/4
   725 | D:2      | Reached skill level 4 in Axes
  1194 | D:3      | Noticed Natasha
  1201 | D:3      | Killed Natasha
  1201 | D:3      | Reached XP level 5. HP: 18/32 MP: 5/5
  1441 | D:3      | Noticed Natasha
  1446 | D:3      | Noticed a hippogriff
  1458 | D:3      | Killed from afar by a shadow imp

Skill      XL: |  1  2  3  4 |
---------------+-------------+-----
Axes           | 2 3 4 |  4.7
Fighting       | |  3.2
Armour         | |  3.2
Shields        | |  3.2

Action                   |  1- 3 |  4- 6 || total
-------------------------+-------+-------++-------
Melee: War axe           |    75 |   112 ||   187
  Use: Scroll            |       |     4 ||     4
  Eat: Chunk             |       |     2 ||     2
Armor: Scale mail        |    39 |    62 ||   101
       Ring mail         |       |    23 ||    23
Dodge: Dodged            |    18 |    50 ||    68
Block: Shield            |    37 |    75 ||   112
